 Dungeon Crawl Stone Soup version 0.23.2-30-g0e89c35649 (webtiles) character file.

Game seed: 14243924148804829027

35 troglodite the Conjurer (level 3, -3/17 HPs)
             Began as a Spriggan Conjurer on June 18, 2019.
             Slain by a leopard gecko (5 damage)
             ... on level 2 of the Dungeon.
             The game lasted 00:08:02 (1524 turns).

troglodite the Conjurer (Spriggan Conjurer)         Turns: 1524, Time: 00:08:05

Health: -3/17      AC:  2    Str:  3 (4)  XL:     3   Next: 17%
Magic:  2/8        EV: 18    Int: 15 (17) God:
Gold:   61         SH:  0    Dex: 13 (16) Spells: 4/7 levels left

rFire    . . .     SeeInvis +   l - +0 dagger
rCold    . . .     Gourm    .   (shield restricted)
rNeg     . . .     Faith    .   a - +0 robe
rPois    +         Spirit   .   (helmet restricted)
rElec    .         Reflect  .   (no cloak)
rCorr    .         Harm     .   (gloves unavailable)
MR       .....                  (boots unavailable)
Stlth    ++........             j - amulet of the acrobat
HPRegen  0.05/turn              e - ring of poison resistance
MPRegen  0.11/turn              (no ring)

@: lethally poisoned (-3 -> -7), very quick
A: very small, unfitting armour, see invisible, herbivore, speed 3, slow
metabolism 2
a: no special abilities


You were on level 2 of the Dungeon.
You were not hungry.

You visited 1 branch of the dungeon, and saw 2 of its levels.

You collected 61 gold pieces.

Inventory:

Hand Weapons
 l - a +0 dagger (weapon)
Missiles
 k - 71 stones (quivered)
Armour
 a - a +0 robe (worn)
Jewellery
 e - a ring of poison resistance (left hand)
 j - an amulet of the acrobat (around neck)
Scrolls
 b - 2 scrolls of teleportation {unknown}
 f - 3 scrolls of identify {unknown}
 g - 2 scrolls of immolation {unknown}
 i - a scroll of amnesia {unknown}
Comestibles
 c - 4 rations


   Skills:
 * Level 0.8 Fighting
 * Level 3.3 Dodging
 * Level 3.3 Stealth
 * Level 2.8 Spellcasting
 * Level 3.4 Conjurations


You had 4 spell levels left.
You knew the following spells:

 Your Spells              Type           Power        Failure   Level  Hunger
a - Magic Dart            Conj           ##..         4%          1    #......
b - Searing Ray           Conj           ##....       8%          2    ##.....

Your spell library contained the following spells:

 Spells                   Type           Power        Failure   Level  Hunger
 Dazzling Spray           Conj/Hex       #.....       30%         3    ###....
 Iskenderun's Mystic Bla  Conj           ##......     45%         4    #####..
 Force Lance              Conj/Tloc      #.......     69%         4    #####..
 Fulminant Prism          Conj/Hex       #.........   69%         4    #####..


Dungeon Overview and Level Annotations

Branches:
Dungeon (2/15)

Altars:


Innate Abilities, Weirdness & Mutations

You are very small and have problems with some larger weapons.
You are too small for most types of armour.
You have supernaturally acute eyesight. (SInv)
You are a herbivore.
You cover ground extremely quickly.
You need to consume almost no food.


Message History

You are lethally poisoned!
The adder poisons you!
The searing ray hits the adder.
The adder is severely wounded.
* * * LOW HITPOINT WARNING * * *
You feel sick. The adder completely misses you. x2
The searing ray hits the adder.
You kill the adder!
You have reached level 3!
Your experience leads to an increase in your attributes!
Increase (S)trength, (I)ntelligence, or (D)exterity?
You feel clever. The adder completely misses you.
It was a potion of degeneration.
There was something very wrong with that liquid.
You feel weakened.
You feel dopey.
You feel clumsy. The leopard gecko bites you.
* * * LOW HITPOINT WARNING * * *
The adder bites you but does no damage. The leopard gecko bites you.
You die...

######### .......
..... ... #l#
#@## #Sg# ##.##
#..##
####w.########
##......#..([.##
##).............#
#................
#............?...


You could see a worm, an adder, a leopard gecko and a hobgoblin.

Vanquished Creatures
  An adder (D:2)
  A leopard gecko (D:1)
  6 goblins (D:1)
  A hobgoblin (D:1)
  2 jackals (D:1)
  A bat (D:1)
  2 frilled lizards (D:1)
  4 kobolds (D:1)
  9 rats (D:1)
27 creatures vanquished.

Notes
Turn   | Place    | Note
-------+----------+-------------------------------------------
     0 | D:1      | troglodite the Spriggan Conjurer began the quest for the
                  | Orb.
     0 | D:1      | Reached XP level 1. HP: 9/9 MP: 5/5
   597 | D:1      | Reached XP level 2. HP: 14/14 MP: 1/6
   601 | D:1      | Learned a level 2 spell: Searing Ray
  1523 | D:2      | Reached XP level 3. HP: 3/17 MP: 2/8
  1524 | D:2      | Slain by a leopard gecko

Skill      XL: |  1 |
---------------+----+-----
Conjurations   | 3 |  3.4
Fighting       | |  0.8
Dodging        | |  3.3
Stealth        | |  3.3
Spellcasting   | |  2.8

Action                   || total
-------------------------++-------
Melee: Club              ||    16
       Dagger            ||     1
 Cast: Magic Dart        ||    47
       Searing Ray       ||     2
  Use: Potion            ||     1
Armor: Robe              ||     7
Dodge: Dodged            ||    38
